General information
- name: BNet
- type: Ladder team game (AT/RT)
- host: Battle.net
- saver: SwordOfDestiny
map: Deathknell
- players: 8
- length: 27:39
- speed: Fast
- version: 1.27 W3XP
- replay type: Public
» download(180 KB)
Players
team 1 (loser)

»
Roe (
green | 76 APM | 1889 actions | 24:58)
3 Goblin Alchemist
2 Chemical Rage
1 Acid Bomb
3 Paladin
1 Holy Light
2 Devotion Aura
2 Archmage
1 Brilliance Aura
1 Summon Water Elemental
» actions
| Assign group hotkey | 23 | |
| Basic commands | 132 | |
| Build / train | 111 | |
| ESC pressed | 1 | |
| Enter build submenu | 40 | |
| Enter hero's abilities submenu | 8 | |
| Remove unit from queue | 15 | |
| Right click | 691 | |
| Select / deselect | 506 | |
| Select group hotkey | 264 | |
| Use ability | 98 | |
1889 total
» units
| Peasant | 20 | |
| Footman | 4 | |
| Rifleman | 1 | |
| Priest | 6 | |
| Knight | 4 | |
| Gnoll Overseer | 4 | |
39 total
» upgrades
| Masonry | 3 | |
| Plating | 3 | |
| Lumber Harvesting | 2 | |
| Swords | 2 | |
| Priest Training | 2 | |
| Animal War Training | 1 | |
| Magic Sentry | 1 | |
14 total
» buildings
| Altar of Kings | 1 | |
| Farm | 7 | |
| Barracks | 2 | |
| Blacksmith | 1 | |
| Lumber Mill | 1 | |
| Scout Tower | 17 | |
| Arcane Tower | 5 | |
| Keep | 1 | |
| Guard Tower | 12 | |
| Arcane Vault | 1 | |
| Castle | 1 | |
| Arcane Sanctum | 1 | |
| Town Hall | 2 | |
52 total
» build order
00:18 Altar of Kings
01:11 Farm
01:45 Barracks
01:52 Blacksmith
02:04 Lumber Mill
02:51 Scout Tower
03:18 Arcane Tower
03:42 Scout Tower
03:48 Farm
04:13 Keep
04:32 Arcane Tower
04:32 Arcane Tower
04:33 Arcane Tower
04:58 Scout Tower
05:28 Arcane Tower
05:31 Scout Tower
05:57 Farm
05:58 Guard Tower
06:15 Farm
06:42 Farm
07:13 Arcane Vault
07:58 Castle
08:37 Arcane Sanctum
08:55 Scout Tower
09:30 Guard Tower
10:14 Scout Tower
10:55 Guard Tower
11:17 Scout Tower
12:59 Scout Tower
13:04 Town Hall
13:09 Scout Tower
13:11 Scout Tower
13:14 Scout Tower
13:37 Guard Tower
13:41 Guard Tower
13:41 Guard Tower
13:43 Guard Tower
14:03 Farm
15:06 Scout Tower
15:14 Barracks
17:06 Guard Tower
17:36 Scout Tower
17:38 Scout Tower
17:38 Scout Tower
18:20 Guard Tower
18:49 Guard Tower
19:46 Farm
22:00 Town Hall
23:27 Scout Tower
23:30 Scout Tower
24:16 Guard Tower
24:17 Guard Tower
» items
| Scroll of Regeneration | 2 | |
| Potion of Healing | 3 | |
| Potion of Mana | 2 | |
| Scroll of Town Portal | 1 | |
| Orb of Fire | 1 | |
| Staff of Sanctuary | 1 | |
10 total

»
pokerpro (
orange | 37 APM | 926 actions | 24:51)
4 Death Knight
2 Death Coil
2 Unholy Aura
2 Dreadlord
1 Vampiric Aura
1 Sleep
» actions
| Assign group hotkey | 27 | |
| Basic commands | 125 | |
| Build / train | 68 | |
| Enter build submenu | 27 | |
| Enter hero's abilities submenu | 7 | |
| Give item / drop item | 2 | |
| Remove unit from queue | 7 | |
| Right click | 345 | |
| Select / deselect | 250 | |
| Select group hotkey | 15 | |
| Use ability | 53 | |
926 total
» units
| Acolyte | 13 | |
| Ghoul | 3 | |
| Crypt Fiend | 5 | |
| Frost Wyrm | 11 | |
32 total
» upgrades
| Creature Attack | 2 | |
| Creature Carapace | 1 | |
| Web | 1 | |
| Freezing Breath | 1 | |
5 total
» buildings
| Ziggurat | 13 | |
| Crypt | 1 | |
| Altar of Darkness | 1 | |
| Halls of the Dead | 2 | |
| Graveyard | 1 | |
| Tomb of Relics | 1 | |
| Nerubian Tower | 1 | |
| Spirit Tower | 5 | |
| Black Citadel | 1 | |
| Sacrificial Pit | 1 | |
| Boneyard | 3 | |
30 total
» build order
00:33 Ziggurat
00:36 Crypt
00:41 Altar of Darkness
01:19 Halls of the Dead
01:20 Halls of the Dead
01:35 Graveyard
01:54 Tomb of Relics
02:11 Nerubian Tower
02:21 Ziggurat
03:14 Spirit Tower
04:16 Black Citadel
04:23 Sacrificial Pit
07:12 Boneyard
07:21 Boneyard
07:24 Boneyard
09:14 Ziggurat
10:34 Ziggurat
10:36 Ziggurat
10:38 Ziggurat
10:41 Ziggurat
11:43 Spirit Tower
12:02 Spirit Tower
12:04 Spirit Tower
16:56 Ziggurat
16:59 Ziggurat
19:00 Ziggurat
19:02 Ziggurat
20:01 Spirit Tower
23:30 Ziggurat
23:33 Ziggurat
» items
| Rod of Necromancy | 2 | |
| Sacrificial Skull | 1 | |
| Dust of Appearance | 1 | |
| Scroll of Town Portal | 1 | |
| Orb of Lightning | 1 | |
| Potion of Healing | 1 | |
7 total

»
Gladiator (
pink | 56 APM | 1415 actions | 25:27)
5 Blademaster
3 Critical Strike
1 Wind Walk
1 Mirror Image
3 Tauren Chieftain
2 Endurance Aura
1 War Stomp
» actions
| Assign group hotkey | 18 | |
| Basic commands | 85 | |
| Build / train | 74 | |
| Enter build submenu | 26 | |
| Enter hero's abilities submenu | 8 | |
| Give item / drop item | 6 | |
| Right click | 449 | |
| Select / deselect | 438 | |
| Select group hotkey | 253 | |
| Use ability | 58 | |
1415 total
» units
| Peon | 16 | |
| Grunt | 14 | |
| Wind Rider | 10 | |
| Shaman | 4 | |
| Raider | 1 | |
45 total
» upgrades
| Berserker Strength | 1 | |
| Ranged Weapons | 3 | |
| Shaman Training | 2 | |
| Envenomed Spears | 1 | |
| Armor | 1 | |
| Melee Weapons | 1 | |
9 total
» buildings
| Altar of Storms | 1 | |
| Orc Burrow | 11 | |
| Barracks | 1 | |
| Voodoo Lounge | 1 | |
| War Mill | 1 | |
| Stronghold | 1 | |
| Watch Tower | 6 | |
| Fortress | 1 | |
| Great Hall | 2 | |
| Beastiary | 2 | |
| Spirit Lodge | 1 | |
28 total
» build order
00:09 Altar of Storms
00:13 Orc Burrow
00:29 Barracks
01:34 Orc Burrow
01:47 Voodoo Lounge
02:03 War Mill
03:19 Orc Burrow
04:37 Stronghold
04:56 Watch Tower
05:31 Orc Burrow
06:49 Orc Burrow
07:35 Fortress
08:09 Great Hall
08:20 Watch Tower
09:13 Beastiary
09:18 Beastiary
09:25 Watch Tower
10:21 Spirit Lodge
10:40 Watch Tower
11:45 Watch Tower
13:05 Orc Burrow
13:10 Watch Tower
13:18 Orc Burrow
13:23 Orc Burrow
14:23 Orc Burrow
14:55 Orc Burrow
14:59 Orc Burrow
21:25 Great Hall
» items
| Healing Salve | 5 | |
| Orb of Lightning | 2 | |
| Scroll of Town Portal | 1 | |
8 total
trumpistan (
teal | 40 APM | 1098 actions | 27:38)
3 Dark Ranger
2 Black Arrow
1 Silence
1 Naga Sea Witch
1 Frost Arrows
» actions
| Assign group hotkey | 36 | |
| Basic commands | 74 | |
| Build / train | 99 | |
| ESC pressed | 1 | |
| Enter build submenu | 24 | |
| Enter hero's abilities submenu | 4 | |
| Give item / drop item | 1 | |
| Right click | 352 | |
| Select / deselect | 246 | |
| Select group hotkey | 204 | |
| Use ability | 55 | |
1098 total
» units
| Wisp | 41 | |
| Hippogryph | 6 | |
| Faerie Dragon | 7 | |
| Druid of the Talon | 2 | |
| Dryad | 1 | |
57 total
» upgrades
| Strength of the Wild | 3 | |
| Reinforced Hides | 2 | |
| Ultravision | 1 | |
| Druid of the Talon Training | 2 | |
| Nature's Blessing | 1 | |
| Well Spring | 1 | |
| Mark of the Talon | 1 | |
11 total
» buildings
| Moon Well | 7 | |
| Altar of Elders | 1 | |
| Ancient of Wonders | 2 | |
| Hunter's Hall | 1 | |
| Ancient Protector | 13 | |
| Tree of Ages | 2 | |
| Tree of Life | 1 | |
| Ancient of Wind | 4 | |
| Tree of Eternity | 1 | |
| Ancient of Lore | 1 | |
33 total
» build order
00:18 Moon Well
00:43 Altar of Elders
01:45 Ancient of Wonders
02:29 Moon Well
03:10 Hunter's Hall
03:38 Moon Well
04:19 Ancient Protector
04:48 Ancient Protector
05:52 Ancient Protector
05:54 Ancient Protector
06:25 Ancient Protector
06:32 Ancient Protector
07:19 Ancient Protector
08:37 Tree of Ages
09:04 Moon Well
09:05 Moon Well
10:37 Ancient Protector
10:49 Ancient Protector
10:51 Ancient Protector
10:57 Tree of Life
11:14 Ancient of Wind
11:26 Ancient of Wind
14:33 Ancient of Wonders
14:57 Ancient Protector
15:01 Ancient Protector
15:58 Ancient Protector
16:46 Tree of Eternity
18:12 Moon Well
18:13 Moon Well
18:19 Ancient of Wind
18:20 Ancient of Wind
18:49 Ancient of Lore
22:33 Tree of Ages
» items
| Orb of Corruption | 1 | |
| Dust of Appearance | 4 | |
| Potion of Healing | 4 | |
| Scroll of Healing | 6 | |
15 total
team 2 (winner)

»
zoltan_301 (
yellow | 64 APM | 1773 actions | 27:39)
5 Blademaster
3 Wind Walk
2 Critical Strike
6 Tauren Chieftain
3 Endurance Aura
2 War Stomp
1 Reincarnation
4 Shadow Hunter
2 Healing Wave
2 Hex
» actions
| Assign group hotkey | 26 | |
| Basic commands | 102 | |
| Build / train | 107 | |
| Enter build submenu | 45 | |
| Enter hero's abilities submenu | 15 | |
| Remove unit from queue | 3 | |
| Right click | 503 | |
| Select / deselect | 414 | |
| Select group hotkey | 423 | |
| Use ability | 135 | |
1773 total
» units
| Peon | 34 | |
| Grunt | 4 | |
| Raider | 11 | |
| Troll Witch Doctor | 10 | |
| Tauren | 4 | |
63 total
» upgrades
| Melee Weapons | 3 | |
| Armor | 1 | |
| Berserker Strength | 1 | |
| Witch Doctor Training | 2 | |
| Ensnare | 1 | |
| Spiked Barricades | 1 | |
| Pulverize | 1 | |
| Pillage | 1 | |
11 total
» buildings
| Orc Burrow | 6 | |
| Altar of Storms | 1 | |
| Voodoo Lounge | 1 | |
| Great Hall | 4 | |
| War Mill | 1 | |
| Stronghold | 1 | |
| Barracks | 1 | |
| Watch Tower | 20 | |
| Spirit Lodge | 1 | |
| Beastiary | 2 | |
| Fortress | 1 | |
| Tauren Totem | 2 | |
41 total
» build order
00:24 Orc Burrow
00:32 Altar of Storms
01:14 Voodoo Lounge
01:33 Orc Burrow
02:51 Great Hall
03:01 Orc Burrow
03:34 War Mill
04:23 Stronghold
04:25 Barracks
04:32 Orc Burrow
04:53 Watch Tower
04:55 Watch Tower
07:17 Spirit Lodge
07:26 Beastiary
07:33 Beastiary
08:17 Fortress
08:23 Watch Tower
08:28 Watch Tower
09:36 Great Hall
09:44 Watch Tower
10:19 Watch Tower
10:48 Orc Burrow
11:17 Great Hall
11:24 Watch Tower
11:57 Watch Tower
13:26 Watch Tower
13:36 Tauren Totem
13:38 Tauren Totem
15:10 Orc Burrow
18:38 Watch Tower
18:45 Watch Tower
18:50 Watch Tower
19:45 Watch Tower
22:36 Watch Tower
22:37 Watch Tower
22:43 Watch Tower
24:14 Watch Tower
24:16 Watch Tower
25:26 Watch Tower
26:16 Watch Tower
27:35 Great Hall
» items
| Healing Salve | 3 | |
| Lesser Clarity Potion | 1 | |
| Orb of Lightning | 2 | |
| Scroll of Town Portal | 2 | |
8 total

»
LeRedditStream (
blue | 71 APM | 1971 actions | 27:39)
7 Blademaster
3 Wind Walk
3 Critical Strike
1 Bladestorm
5 Shadow Hunter
3 Healing Wave
2 Hex
» actions
| Assign group hotkey | 35 | |
| Basic commands | 36 | |
| Build / train | 61 | |
| Enter build submenu | 27 | |
| Enter hero's abilities submenu | 13 | |
| Give item / drop item | 3 | |
| Remove unit from queue | 1 | |
| Right click | 929 | |
| Select / deselect | 261 | |
| Select group hotkey | 515 | |
| Use ability | 90 | |
1971 total
» units
| Peon | 11 | |
| Wind Rider | 15 | |
| Goblin Shredder | 1 | |
27 total
» upgrades
| Ranged Weapons | 3 | |
| Envenomed Spears | 1 | |
| Armor | 2 | |
| Reinforced Defenses | 1 | |
7 total
» buildings
| Altar of Storms | 1 | |
| Orc Burrow | 7 | |
| Voodoo Lounge | 1 | |
| War Mill | 1 | |
| Stronghold | 1 | |
| Watch Tower | 12 | |
| Beastiary | 2 | |
| Great Hall | 2 | |
| Fortress | 1 | |
28 total
» build order
00:09 Altar of Storms
00:22 Orc Burrow
01:09 Voodoo Lounge
01:18 Orc Burrow
01:47 War Mill
03:10 Stronghold
03:35 Watch Tower
03:38 Watch Tower
04:32 Watch Tower
05:35 Beastiary
05:36 Beastiary
06:10 Orc Burrow
06:14 Orc Burrow
09:30 Orc Burrow
10:12 Great Hall
10:16 Fortress
11:41 Watch Tower
11:41 Watch Tower
11:43 Watch Tower
11:55 Watch Tower
15:58 Orc Burrow
17:00 Orc Burrow
18:40 Great Hall
19:14 Watch Tower
19:19 Watch Tower
19:20 Watch Tower
19:20 Watch Tower
22:07 Watch Tower
» items
| Healing Salve | 5 | |
| Lesser Clarity Potion | 3 | |
| Orb of Lightning | 1 | |
| Tiny Great Hall | 1 | |
10 total
SwordOfDestiny (
purple | 57 APM | 1581 actions | 27:39)
8 Blademaster
3 Wind Walk
3 Critical Strike
1 Bladestorm
1 Mirror Image
» actions
| Assign group hotkey | 53 | |
| Basic commands | 6 | |
| Build / train | 74 | |
| Enter build submenu | 39 | |
| Enter hero's abilities submenu | 8 | |
| Right click | 664 | |
| Select / deselect | 315 | |
| Select group hotkey | 242 | |
| Use ability | 180 | |
1581 total
» units
| Peon | 10 | |
| Wind Rider | 7 | |
| Goblin Shredder | 1 | |
| Troll Batrider | 12 | |
| Goblin Sapper | 9 | |
39 total
» upgrades
| Ranged Weapons | 3 | |
| Armor | 3 | |
| Liquid Fire | 1 | |
| Reinforced Defenses | 1 | |
| Troll Regeneration | 1 | |
| Spiked Barricades | 3 | |
12 total
» buildings
| Orc Burrow | 5 | |
| Altar of Storms | 1 | |
| Voodoo Lounge | 1 | |
| Stronghold | 1 | |
| War Mill | 2 | |
| Watch Tower | 24 | |
| Beastiary | 4 | |
| Great Hall | 1 | |
| Fortress | 1 | |
| Barracks | 1 | |
41 total
» build order
00:15 Orc Burrow
00:31 Altar of Storms
00:38 Voodoo Lounge
01:37 Orc Burrow
02:48 Stronghold
03:41 War Mill
04:59 Watch Tower
05:00 Watch Tower
05:01 Watch Tower
05:02 Watch Tower
05:34 Beastiary
05:34 Beastiary
05:37 Watch Tower
05:38 Watch Tower
05:39 Watch Tower
06:20 Beastiary
06:27 Orc Burrow
06:29 Orc Burrow
09:02 Great Hall
09:04 Watch Tower
09:05 Watch Tower
10:18 Orc Burrow
12:55 Fortress
12:57 War Mill
13:34 Watch Tower
13:37 Watch Tower
14:19 Watch Tower
14:20 Watch Tower
17:01 Barracks
18:49 Watch Tower
18:50 Watch Tower
18:50 Watch Tower
18:50 Watch Tower
18:51 Watch Tower
18:52 Watch Tower
18:52 Watch Tower
22:01 Beastiary
22:41 Watch Tower
22:41 Watch Tower
22:42 Watch Tower
» items
| Healing Salve | 7 | |
| Lesser Clarity Potion | 2 | |
| Scroll of Town Portal | 2 | |
| Orb of Lightning | 1 | |
12 total
Chat log
(00:44 / Allies) zoltan_301: dam
(00:49 / Allies) SwordOfDestiny: gonna bm harss
(00:53 / Allies) SwordOfDestiny: see if I catch a big noob
(00:56 / Allies) SwordOfDestiny: yeh
(01:02 / Allies) zoltan_301: ok for me
(01:05 / Allies) SwordOfDestiny: maybe one of them will insta leave and they drop like dominoes
(01:16 / Allies) zoltan_301: hope so
(01:26 / Allies) SwordOfDestiny: take the expo
(06:12 / Allies) SwordOfDestiny: tower up that expo
(06:42 / Allies) zoltan_301: i ll tower there
(07:16 / All) pokerpro: nice blue
(07:18 / All) pokerpro: bm expert
(07:25 / All) LeRedditStream: Bernie 2016! #Cucks4Bernie #RefugeesWelcome #ClanDe
(11:12 / All) pokerpro: nice wyvs
(12:50 / Allies) SwordOfDestiny: goping bat
(15:07 / Allies) SwordOfDestiny: tank the towers
(16:15 / Allies) SwordOfDestiny: stay go
(16:46 / Allies) SwordOfDestiny: well
(16:49 / Allies) SwordOfDestiny: what the fuck you waiting for
(17:05 / Allies) zoltan_301: k go
(17:06 / Allies) SwordOfDestiny: GO GO
(17:40 / Allies) SwordOfDestiny: tp to blue
(18:34 / Allies) LeRedditStream: ty
(18:55 / Allies) SwordOfDestiny: expand
(21:37 / Allies) SwordOfDestiny: bakc
(21:37 / Allies) SwordOfDestiny: bakc
(21:45 / Allies) SwordOfDestiny: back
(21:50 / Allies) SwordOfDestiny: tp out
(21:56 / Allies) SwordOfDestiny: oout guys
(22:37 / Allies) SwordOfDestiny: more bats on the way
(22:48 / Allies) zoltan_301: bring them here
(23:32 / Allies) SwordOfDestiny: shop
(23:34 / Allies) zoltan_301: go there for healing
(23:47 / Allies) SwordOfDestiny: heal ward
(24:08 / Allies) zoltan_301: back
(24:57 / All) LeRedditStream: Bernie 2016! #Cucks4Bernie #RefugeesWelcome #ClanDe
(25:03 / All) SwordOfDestiny: FEEL TEH BERN!!!1111
(25:07 / All) zoltan_301: wow great game
(25:09 / All) SwordOfDestiny: FEAR OF A BLACK PLANET!
(25:18 / All) LeRedditStream: Bernie 2016! #Cucks4Bernie #RefugeesWelcome #ClanDe
(26:19 / All) LeRedditStream: Bernie 2016! #Cucks4Bernie #RefugeesWelcome #ClanDe
(27:14 / All) SwordOfDestiny: THIS IS AN ORC WORLD BABY
(27:28 / All) trumpistan: LOL
(27:32 / All) LeRedditStream: Bernie 2016! #Cucks4Bernie #RefugeesWelcome #ClanDe